 Dungeon Crawl Stone Soup version 0.32-a0-17-gb74e046682 (webtiles) character file.

Game seed: 15430809460381695805

42016 bobarctor the Thaumaturge (level 13, -23/81 HPs)
             Began as a Demonspawn Necromancer on Jan 16, 2024.
             Was a Believer of Kikubaaqudgha.
             Killed from afar by a molten gargoyle (36 damage)
             ... with a bolt of magma
             ... on level 4 of the Lair of Beasts.
             The game lasted 03:30:24 (26971 turns).

bobarctor the Thaumaturge (Demonspawn Necromancer) Turns: 26971, Time: 03:30:24

Health: -23/81     AC: 13    Str: 13    XL:     13   Next: 83%
Magic:  21/27      EV: 16    Int: 32    God:    Kikubaaqudgha [**....]
Gold:   810        SH:  0    Dex: 17    Spells: 5/33 levels left

rFire   . . .        B - +6 flail "Plog" {drain, rC+ Str+4}
rCold   + . .        (no shield)
rNeg    . . .        J - +0 steam dragon scales
rPois   .            v - +2 hat
rElec   .            h - +1 cloak
rCorr   .            G - +0 pair of gloves
SInv    .            S - +2 pair of boots {Fly}
Will    ++...        M - amulet of magic regeneration
Stlth   +++++        L - ring of willpower
HPRegen 0.33/turn    y - ring of Zyof {Will+ Int+9 Dex+4 Stlth+}
MPRegen 0.60/turn

%: no passive effects
@: flying, studying Summonings
A: claws 2, icemail 1, spiny 1, big brain 1, condensation shield, frail 1,
MP-powered wands
a: Renounce Religion, Unearth Wretches


You were on level 4 of the Lair of Beasts.
You worshipped Kikubaaqudgha.
Kikubaaqudgha was pleased with you.
You visited 4 branches of the dungeon, and saw 16 of its levels.
You also visited: Sewer and Gauntlet.

You collected 810 gold pieces.

Inventory:

Hand Weapons
 s - a +2 demon trident of draining
 B - the +6 flail "Plog" (weapon) {drain, rC+ Str+4}
   (You found it on level 8 of the Dungeon)

   Str+4:     It affects your strength (+4).
   rC+:       It protects you from cold.
 R - the +7 orcbow "Impbane" {drain, rElec rPois Str-3 Stlth+}
   (You found it in a Gauntlet)

   Str-3:     It affects your strength (-3).
   rElec:     It insulates you from electricity.
   rPois:     It protects you from poison Stlth+: It makes you more stealthy.
Missiles
 b - 33 poisoned darts
 p - 2 curare-tipped darts
 w - 9 javelins
 U - 4 silver javelins (quivered)
 W - 3 darts of dispersal
Armour
 h - a +1 cloak (worn)
 v - a +2 hat (worn)
 C - a +1 robe of fire resistance
 G - a +0 pair of gloves (worn)
 H - a +3 leather armour of fire resistance
 J - +0 steam dragon scales (worn)
 P - a +2 pair of boots
 S - a +2 pair of boots of flying (worn)
 T - the +10 tower shield "Dieblydu" {Int+2}
   (You found it in a Gauntlet)

   Int+2:     It affects your intelligence (+2).
Jewellery
 y - a ring of Zyof (right hand) {Will+ Int+9 Dex+4 Stlth+}
   (You found it in a Gauntlet)

   [ring of willpower]

   Int+9:     It affects your intelligence (+9).
   Dex+4:     It affects your dexterity (+4).
   Will+:     It increases your willpower.
   Stlth+:    It makes you more stealthy.
 L - a ring of willpower (left hand)
 M - an amulet of magic regeneration (around neck)
Wands
 r - a wand of acid (6)
 x - a wand of iceblast (25)
 z - a wand of mindburst (13)
 D - a wand of paralysis (15)
Scrolls
 a - a scroll of immolation
 d - a scroll of revelation
 e - 7 scrolls of teleportation
Potions
 g - 9 potions of curing
 j - a potion of heal wounds
 k - 2 potions of might
 n - 2 potions of enlightenment
 q - 3 potions of invisibility
 u - 4 potions of berserk rage
 F - 2 potions of cancellation
 I - 2 potions of magic
 Q - a potion of haste


   Skills:
 - Level 4.5 Fighting
 + Level 6.1 Maces & Flails
 + Level 7.7 Dodging
 + Level 8.2 Stealth
 * Level 4.2 Shields
 * Level 10.7 Spellcasting
 - Level 6.0 Conjurations
 + Level 8.4 Summonings
 * Level 10.7 Necromancy
 - Level 2.2 Translocations
 - Level 6.0 Air Magic
 - Level 6.0 Alchemy


You had 5 spell levels left.
You knew the following spells:

 Your Spells              Type           Power      Damage    Failure   Level
a - Necrotise             Necr           100%       1d9       1%          1
b - Vampiric Draining     Necr           72%        2d11      1%          3
c - Mercury Vapours       Alch/Air       100%       N/A       1%          2
d - Sting                 Conj/Alch      100%       1d9       1%          1
e - Apportation           Tloc           62%        N/A       1%          1
f - Summon Ice Beast      Ice/Summ       44%        N/A       1%          3
g - Teleport Other        Tloc           31%        N/A       3%          3
h - Call Canine Familiar  Summ           63%        N/A       1%          3
i - Curse of Agony        Necr           72%        N/A       1%          5
j - Blink                 Tloc           62%        N/A       1%          2
k - Summon Lightning Spi  Summ/Air       59%        N/A       1%          4

Your spell library contained the following spells:

 Spells                   Type           Power      Damage    Failure   Level
 Kiss of Death            Conj/Necr      100%       2d13      1%          1
 Summon Small Mammal      Summ           100%       N/A       1%          1
 Call Imp                 Summ           100%       N/A       1%          2
 Cigotuvi's Dreadful Rot  Necr/Alch/Air  100%       N/A       1%          2
 Lesser Beckoning         Tloc           62%        N/A       1%          2
 Momentum Strike          Conj/Tloc      86%        3d10      1%          2
 Sublimation of Blood     Necr           72%        N/A       1%          2
 Fugue of the Fallen      Necr           72%        N/A       1%          3
 Animate Dead             Necr           72%        N/A       1%          4
 Slow                     Hex            68%        N/A       2%          1
 Hailstorm                Conj/Ice       36%        3d9       2%          3
 Olgreb's Toxic Radiance  Alch           54%        N/A       2%          4
 Gell's Gravitas          Tloc           31%        N/A       3%          3
 Anguish                  Hex/Necr       25%        N/A       3%          4
 Ensorcelled Hibernation  Hex/Ice        34%        N/A       4%          2
 Jinxbite                 Hex            34%        N/A       4%          2
 Animate Armour           Summ/Erth      88%        N/A       4%          4
 Summon Blazeheart Golem  Fire/Summ      44%        N/A       4%          4
 Irradiate                Conj/Alch      27%        3d20      6%          5
 Alistair's Intoxication  Alch           36%        N/A       7%          5
 Confusing Touch          Hex            17%        N/A       9%          3
 Inner Flame              Hex/Fire       17%        N/A       9%          3
 Sigil of Binding         Hex            17%        N/A       9%          3
 Lee's Rapid Deconstruct  Erth           8%         3d7*      61%         5
 Summon Hydra             Summ           31%        N/A       58%         7
 Sculpt Simulacrum        Ice/Alch       18%        N/A       77%         6
 Ignition                 Fire           8%         3d5       100%        8


Dungeon Overview and Level Annotations

Branches:
Dungeon (9/15)             Temple (1/1) D:5            Lair (5/5) D:8
 Shoals (0/4) Lair:3        Snake (0/4) Lair:3        Slime (0/5) Lair:4
    Orc (1/2) D:9           Sewer (visited)         Gauntlet (visited)

Altars:
Ashenzari
Dithmenos
Fedhas
Gozag
Hepliaklqana
Kikubaaqudgha
Makhleb
Nemelex Xobeh
Okawaru
Qazlal
Ru
Sif Muna
Trog
Uskayaw
Vehumet
Wu Jian
Xom
Yredelemnul
Jiyva

Shops:
D:5 [

Annotations:
D:7 exclusion: statue
Lair:3 3 runed translucent doors, Omai's ghost, adept FoDe
Orc:1 Nergalle


Innate Abilities, Weirdness & Mutations

You have very sharp fingernails.
A meltable icy envelope protects you from harm. (AC +0)
You are partially covered in sharp spines.
You have an unusually large brain. (Int +2)
A meltable shield of frost defends you. (SH +0)
You are frail. (-10% HP)
You expend magic power (3 MP) to strengthen your wands.


Message History

The bolt of magma hits you!!
Your icy defences dissipate!
The komodo dragon bites your ice beast.
Your inugami hits the molten gargoyle but does no damage.
Your ice beast hits the komodo dragon.
Your ice beast freezes the komodo dragon!
The komodo dragon seems to slow down.
The molten gargoyle hits you with a +0 flail!
You are engulfed in flames!
Your ice beast hits the komodo dragon but does no damage.
Your inugami hits the molten gargoyle but does no damage.
The molten gargoyle hits you with a +0 flail.
You are engulfed in flames!
* * * LOW HITPOINT WARNING * * *
You fly upwards.
Your summoned allies are left behind.
Your magical contamination has completely faded away.
There is a stone staircase leading down here.
Casting: Call Canine Familiar (safe; 1% risk of failure)
Confirm with . or Enter, or press ? or * to list all spells.
You blink.
You feel much better.
The molten gargoyle hits you with a +0 flail.
You are engulfed in flames!
Casting: Blink (safe; 1% risk of failure)
Confirm with . or Enter, or press ? or * to list all spells.
Okay, then.
Okay, then.
The molten gargoyle hits you with a +0 flail!
You stop putting on your armour.
* * * LOW HITPOINT WARNING * * *
You are engulfed in flames!
* * * LOW HITPOINT WARNING * * *
Blink to where?
Press: ? - help, Dir - move target
As you read the scroll of blinking, it crumbles to dust.
You feel ready to blink again.
The molten gargoyle blasts magma at you!
The bolt of magma hits you!!!
You die...
Kikubaaqudgha rasps: "You have failed me!
Welcome... death!"

#... ###### ##... #....#
###.... ###..## #......
#.#?.## ###...... ####..##
#....##.P #..>## #...#####
##...#### ###....#
####..@#.# ##....###
###..###...###...###
##....##.#...##...# #
#.#...#####..#....########
###...##...9.....#......##
#.....>.................
##......####.............
#.....ยง## #.............
#..#.### #.............


You could see a molten gargoyle.

Vanquished Creatures
  A minotaur (Gauntlet)
  2 hydras
  A two-headed ogre (D:7)
  18 death yaks
  A skyshark (Lair:3)
  Pikel (D:6)
  An oklob plant (Lair:1)
  7 elephants
  4 cane toads
  3 rime drakes
  Psyche (D:8)
  A komodo dragon (Lair:5)
  A polar bear (Lair:4)
  Prince Ribbit (D:7)
  2 hornets
  A blink frog (Lair:5)
  32 yaks
  A basilisk (Lair:2)
  A vampire (D:8)
  7 wyverns
  2 steam dragons (D:8)
  An acid dragon (D:8)
  14 water moccasins
  Duvessa (D:6)
  7 orc warriors
  4 sky beasts
  A black bear (Lair:2)
  5 ice beasts
  2 ogres
  2 centaurs (D:9)
  3 lemures (D:6)
  7 kobold brigands
  8 bullfrogs
  4 scorpions
  Dowan (D:6)
  18 wights
  4 electric eels (Lair:1)
  A crimson imp (D:3)
  3 bombardier beetles
  7 orc priests
  8 jellies
  A hound (D:5)
  A gnoll bouda (D:9)
  A sleepcap (D:7)
  Ijyb (D:4)
  10 iguanas
  8 orc wizards
  Robin (D:2)
  7 gnolls
  5 river rats
  12 adders
  2 shadow imps
  A white imp (Gauntlet)
  4 ufetubi (D:5)
  2 dart slugs (D:2)
  8 ribbon worms
  31 orcs
  4 ball pythons
  13 endoplasms
  2 giant cockroaches
  10 goblins
  9 hobgoblins
  3 jackals (D:4)
  4 quokkas
  6 bats
  4 frilled lizards (D:1)
  12 kobolds
  14 rats
366 creatures vanquished.

Vanquished Creatures (collateral kills)
  A hydra (Lair:5)
  A two-headed ogre (D:9)
  Urug (Lair:4)
  2 death yaks
  A worldbinder (Gauntlet)
  2 elephants
  A merfolk siren (Lair:3)
  2 cane toads (Lair:5)
  3 komodo dragons
  A troll (D:9)
  A blink frog (Lair:5)
  6 dream sheep (Lair:4)
  3 yaks
  A warg (D:9)
  2 nagas (Lair:3)
  2 swamp worms (Gauntlet)
  A water moccasin (Lair:5)
  2 hell hounds
  2 bullfrogs (Lair:3)
  A scorpion (D:5)
  2 wights (D:9)
  An adder (D:4)
  A river rat (D:3)
  2 white imps (Gauntlet)
  An endoplasm (D:1)
  A goblin (D:1)
  A jackal (D:4)
  A kobold (Sewer)
  A rat (D:2)
  A butterfly (Lair:3)
48 creatures vanquished.

Vanquished Creatures (others)
  A blazeheart core (Lair:3)
1 creature vanquished.

Grand Total: 415 creatures vanquished

Notes
Turn   | Place    | Note
-------+----------+-------------------------------------------
     0 | D:1      | bobarctor the Demonspawn Necromancer began the quest for
                  | the Orb.
     0 | D:1      | Reached XP level 1. HP: 13/13 MP: 3/3
   129 | D:1      | Gained mutation: A meltable shield of frost defends you.
                  | (SH +0) [demonic ancestry]
   129 | D:1      | Reached XP level 2. HP: 19/19 MP: 0/5
   300 | D:1      | Found a faded altar of an unknown god.
  1473 | D:2      | Reached XP level 3. HP: 24/24 MP: 3/6
  1589 | D:2      | Learned a level 3 spell: Vampiric Draining
  1897 | D:2      | Gained mutation: You have sharp fingernails. [demonic
                  | ancestry]
  1897 | D:2      | Reached XP level 4. HP: 21/30 MP: 1/8
  2045 | D:2      | Noticed Robin
  2080 | D:2      | Killed Robin
  2579 | D:3      | Reached skill level 5 in Necromancy
  2594 | D:3      | Reached XP level 5. HP: 25/35 MP: 2/10
  2851 | D:3      | Found a glowing drain.
  2859 | Sewer    | Entered a sewer
  3142 | Sewer    | Reached XP level 6. HP: 23/41 MP: 0/12
  4459 | D:3      | Learned a level 2 spell: Mercury Vapours
  4572 | D:3      | Found a shimmering altar of Xom.
  4572 | D:3      | Found a burning altar of Makhleb.
  4902 | D:3      | Learned a level 1 spell: Sting
  5265 | D:3      | Reached XP level 7. HP: 36/46 MP: 7/14
  5755 | D:4      | Reached skill level 1 in Alchemy
  5892 | D:4      | Reached skill level 1 in Conjurations
  5892 | D:4      | Reached skill level 1 in Air Magic
  6346 | D:4      | Reached skill level 5 in Spellcasting
  6407 | D:4      | Noticed Ijyb
  6562 | D:4      | Killed Ijyb
  6633 | D:4      | Found a shimmering blue altar of Sif Muna.
  6947 | D:5      | Entered Level 5 of the Dungeon
  7145 | D:5      | Found a staircase to the Ecumenical Temple.
  7173 | D:5      | Gained mutation: A meltable icy envelope protects you from
                  | harm. (AC +0) [demonic ancestry]
  7173 | D:5      | Reached XP level 8. HP: 52/52 MP: 9/15
  7174 | Temple   | Entered the Ecumenical Temple
  7462 | D:5      | Found Geiwoet's Antique Armour Boutique.
  7543 | D:5      | You fall into a shaft and drop 2 floors!
  7543 | D:7      | Found a broken altar of Ashenzari.
  7875 | D:7      | Learned a level 1 spell: Apportation
  8003 | D:7      | Found a radiant altar of Vehumet.
  8210 | D:7      | Noticed Prince Ribbit
  8257 | D:7      | Killed Prince Ribbit
  8397 | D:6      | Noticed Duvessa
  8468 | D:6      | Learned a level 1 spell: Summon Small Mammal
  8617 | D:6      | Gained mutation: You are partially covered in sharp spines.
                  | [demonic ancestry]
  8617 | D:6      | Reached XP level 9. HP: 7/57 MP: 5/18
  8823 | D:5      | Found a sparkling altar of Nemelex Xobeh.
  8826 | D:5      | Found an ornate altar of the Wu Jian Council.
  8970 | D:5      | Found a shadowy altar of Dithmenos.
  9596 | D:6      | Reached skill level 1 in Translocations
  9665 | D:6      | Reached skill level 1 in Summonings
  9717 | D:6      | Learned a level 2 spell: Call Imp
  9939 | D:6      | Noticed Dowan
 10217 | D:6      | Killed Duvessa
 10227 | D:6      | Killed Dowan
 10309 | D:6      | Noticed Pikel
 10326 | D:6      | Killed Pikel
 10327 | D:6      | Reached skill level 5 in Stealth
 10504 | D:6      | Reached skill level 5 in Dodging
 10596 | D:7      | Noticed a two-headed ogre
 10602 | D:7      | Learned a level 3 spell: Call Canine Familiar
 10968 | D:7      | Learned a level 3 spell: Teleport Other
 11020 | D:7      | Reached XP level 10. HP: 63/63 MP: 17/20
 11154 | D:7      | Killed a two-headed ogre
 11361 | D:8      | Identified the +6 flail "Plog" {drain, rC+ Str+4}
 11782 | D:8      | Reached skill level 5 in Conjurations
 12003 | D:8      | Reached skill level 5 in Alchemy
 12214 | D:8      | Found a staircase to the Lair.
 12222 | Lair:1   | Entered Level 1 of the Lair of Beasts
 12387 | Lair:1   | Reached skill level 1 in Fighting
 12571 | Lair:1   | Noticed an oklob plant
 12672 | Lair:1   | Noticed a cane toad
 12681 | Lair:1   | Killed a cane toad
 12682 | Lair:1   | Reached skill level 1 in Maces & Flails
 12682 | Lair:1   | Reached skill level 5 in Air Magic
 12682 | Lair:1   | Gained mutation: You have an unusually large brain. (Int
                  | +2) [demonic ancestry]
 12682 | Lair:1   | Reached XP level 11. HP: 51/70 MP: 21/23
 12808 | Lair:1   | Noticed a death yak
 12808 | Lair:1   | Noticed a death yak
 12808 | Lair:1   | Noticed a death yak
 12808 | Lair:1   | Noticed a death yak
 12808 | Lair:1   | Noticed a death yak
 12879 | D:8      | Killed a death yak
 13064 | D:8      | Killed a death yak
 13221 | D:8      | Noticed Psyche
 13245 | D:8      | Killed Psyche
 13865 | D:8      | Gained mutation: You are resistant to electric shocks.
                  | (rElec) [potion of mutation]
 14251 | D:8      | Found an ancient bone altar of Kikubaaqudgha.
 14257 | D:8      | Became a worshipper of Kikubaaqudgha
 14315 | D:8      | Found a stormy altar of Qazlal.
 15001 | Lair:1   | Killed an oklob plant
 15078 | Lair:2   | Noticed a five-headed hydra
 15088 | Lair:2   | Learned a level 5 spell: Curse of Agony
 15103 | Lair:2   | Killed a five-headed hydra
 15628 | Lair:2   | Lost mutation: You are resistant to electric shocks.
                  | (rElec) [potion of mutation]
 15628 | Lair:2   | Gained mutation: You are frail. (-10% HP) [potion of
                  | mutation]
 15628 | Lair:2   | Gained mutation: You expend magic power (3 MP) to
                  | strengthen your wands. [potion of mutation]
 15885 | Lair:2   | Learned a level 4 spell: Summon Blazeheart Golem
 16570 | Lair:3   | Noticed a skyshark
 16570 | Lair:3   | Noticed a five-headed hydra
 16581 | Lair:2   | Reached skill level 5 in Summonings
 16808 | Lair:3   | Noticed Omai's ghost (adept FoDe)
 16809 | Lair:3   | Noticed a death yak
 16817 | Lair:3   | Noticed a four-headed hydra
 16843 | Lair:3   | Killed a five-headed hydra
 16844 | Lair:3   | Gained mutation: You have very sharp fingernails. [demonic
                  | ancestry]
 16844 | Lair:3   | Reached XP level 12. HP: 25/72 MP: 16/24
 17551 | Lair:3   | Found a runed translucent gate.
 17551 | Lair:3   | Found a runed translucent gate.
 17554 | Lair:3   | Found a runed translucent gate.
 17554 | Lair:3   | Noticed a five-headed hydra
 17571 | Lair:3   | Found a staircase to the Snake Pit.
 17710 | Lair:3   | Learned a level 3 spell: Summon Ice Beast
 17943 | Lair:3   | Found a staircase to the Shoals.
 18752 | D:9      | Noticed a two-headed ogre
 18759 | D:9      | Killed a two-headed ogre
 19014 | D:9      | Found a staircase to the Orcish Mines.
 19448 | D:9      | Reached * piety under Kikubaaqudgha
 19448 | D:9      | Received a gift from Kikubaaqudgha
 20161 | D:9      | Paralysed by a hornet for 2 turns
 20694 | Lair:1   | Noticed a death yak
 20733 | D:8      | Killed a death yak
 20980 | Orc:1    | Entered Level 1 of the Orcish Mines
 20980 | Orc:1    | Noticed Nergalle
 21172 | D:8      | Killed a death yak
 21227 | D:8      | Killed a death yak
 21228 | D:8      | Reached skill level 5 in Maces & Flails
 21294 | Lair:1   | Killed a death yak
 21482 | Lair:4   | Noticed a death yak
 21485 | Lair:4   | Noticed a death yak
 21485 | Lair:4   | Noticed a death yak
 21487 | Lair:4   | Noticed a death yak
 21488 | Lair:4   | Noticed a death yak
 21489 | Lair:4   | Found a gate leading to a gauntlet.
 21491 | Lair:4   | Noticed a death yak
 21498 | Gauntlet | Entered a Gauntlet
 21498 | Gauntlet | Found a transporter.
 21498 | Gauntlet | Found a transporter.
 21498 | Gauntlet | Found a transporter.
 21736 | Gauntlet | Found a transporter.
 21747 | Gauntlet | Found a transporter.
 21750 | Gauntlet | Found a transporter.
 21758 | Gauntlet | Found a transporter.
 21771 | Gauntlet | Noticed a seven-headed hydra
 21775 | Gauntlet | Found a transporter.
 21796 | Gauntlet | Found a transporter.
 21823 | Gauntlet | Found a transporter.
 21841 | Gauntlet | Found a transporter.
 21895 | Gauntlet | Found a transporter.
 22321 | Gauntlet | Learned a level 4 spell: Summon Lightning Spire
 22334 | Gauntlet | Identified a ring of Zyof {Will+ Int+9 Dex+4 Stlth+}
 22397 | Gauntlet | Identified the +7 orcbow "Impbane" {drain, rElec rPois
                  | Str-3 Stlth+}
 22499 | Gauntlet | Noticed a minotaur
 22517 | Gauntlet | Killed a minotaur
 22671 | Gauntlet | Identified the +10 tower shield "Dieblydu" {Int+2}
 22986 | Lair:4   | Found a viscous altar of Jiyva.
 23072 | Lair:4   | Found a staircase to the Slime Pits.
 23395 | Lair:4   | Reached XP level 13. HP: 81/81 MP: 22/26
 23415 | Lair:4   | Learned a level 2 spell: Blink
 23467 | Lair:4   | Reached skill level 1 in Shields
 23705 | Lair:4   | Reached skill level 10 in Spellcasting
 23724 | Lair:4   | Reached ** piety under Kikubaaqudgha
 24330 | Lair:3   | Reached skill level 10 in Necromancy
 24571 | Lair:4   | Noticed Urug
 24595 | Lair:4   | Killed Urug
 25138 | Lair:5   | Entered Level 5 of the Lair of Beasts
 26971 | Lair:4   | Killed from afar by a molten gargoyle

Illustrated notes

Levels and vault maps discovered:
D:1:      lightli_arrival_boilingwater, layout_basic,
          ebering_ecumenical_altar_abandoned, serial_glass, glass_columns_a,
          glass_columns_c, chequers_serial_rivers_large_a,
          chequers_hall_statues_wall_a
D:2:      layout_loops_cross, uniq_robin
D:3:      layout_loops_cross, grunt_temple_overflow_champion_of_chaos,
          lightli_sewer_entry_pipes
D:4:      layout_basic, led_sif_pool, uniq_ijyb
D:5:      layout_basic, nicolae_overflow_hidden_temple,
          mainiacjoe_overflow_concentric_impassable,
          mainiacjoe_overflow_chevrons, minmay_temple_entry_glass, serial_shops,
          nicolae_inconvenience_store, grunt_decor_fettered
D:6:      layout_basic, uniq_pikel, uniq_duvessa
D:7:      layout_basic, nicolae_ashenzari_skybound, vehumet_statue,
          uniq_prince_ribbit1
D:8:      layout_loops_ring, lemuel_round_altar,
          gammafunk_temple_overflow_statue, erik_lair_dragon, serial_rivers,
          chequers_serial_rivers_small_b, chequers_serial_rivers_room_a,
          chequers_serial_rivers_micro_a, chequers_serial_rivers_large_b,
          uniq_psyche
D:9:      layout_basic, erik_orc_3
Temple:   chequers_temple_sunken
Lair:1:   layout_gridlike, serial_bayou_shore_a, infiniplex_staircase_pool_2,
          lemuel_fruit_tree
Lair:2:   layout_layer_cave
Lair:3:   layout_loops_ring, minmay_shoals_entry_lonely_mermaid,
          guppyfry_snake_entry_island, gammafunk_ghost_split,
          beast_lair_carwin_3, lemuel_fruit_fields
Lair:4:   layout_cave_pods, nicolae_slime_entry_slimehenge,
          gauntlet_entry_generic, uniq_urug
Lair:5:   cheibrodos_lair_end_hotspot, layout_misc_corridors,
          nicolae_lair_lil_pond
Orc:1:    layout_diamond_mine, ebering_ghost_rock_garden, uniq_nergalle,
          uniq_fannar

Skill      XL: |  1  2  3  4  5  6  7  8  9 10 11 12 13 |
---------------+----------------------------------------+-----
Stealth        | 2 3 4 5 6 7 8 |  8.2
Dodging        | 2 3 4 5 6 7 |  7.7
Spellcasting   | 3 4 5 6 7 8 9 10 | 10.7
Necromancy     | 5 6 8 9 10 | 10.7
Alchemy        | 2 3 4 5 6 |  6.0
Conjurations   | 2 3 4 5 6 |  6.0
Air Magic      | 2 3 4 5 6 |  6.0
Translocations | 2 |  2.2
Summonings     | 2 3 5 6 8 |  8.4
Fighting       | 1 3 4 |  4.5
Maces & Flails | 1 3 5 6 |  6.1
Shields        | 4 |  4.2

Action                     |  1- 3 |  4- 6 |  7- 9 | 10-12 | 13-15 || total
---------------------------+-------+-------+-------+-------+-------++-------
  Melee: Dagger            |    24 |   156 |    31 |       |       ||   211
         Rapier            |       |     7 |       |       |       ||     7
         Club              |       |       |   187 |    28 |       ||   215
         Hand axe          |       |       |    19 |       |       ||    19
         Punch             |       |       |     2 |     8 |     3 ||    13
         Flail             |       |       |       |   491 |   119 ||   610
   Fire: Orcbow            |       |       |       |    12 |       ||    12
  Throw: Javelin           |       |       |       |       |     2 ||     2
   Cast: Necrotise         |    60 |   113 |   132 |    36 |    30 ||   371
         Vampiric Draining |     2 |    16 |    14 |    49 |    16 ||    97
         Sting             |       |    15 |    26 |    31 |       ||    72
         Mercury Vapours   |       |     4 |    28 |     6 |       ||    38
         Apportation       |       |       |     2 |     4 |     1 ||     7
         Summon Small Mamm |       |       |     2 |       |       ||     2
         Call Imp          |       |       |     4 |       |       ||     4
         Call Canine Famil |       |       |     1 |    27 |     8 ||    36
         Teleport Other    |       |       |       |     9 |       ||     9
         Curse of Agony    |       |       |       |     9 |    29 ||    38
         Summon Blazeheart |       |       |       |     3 |       ||     3
         Summon Ice Beast  |       |       |       |    16 |     8 ||    24
         Summon Lightning  |       |       |       |     9 |    23 ||    32
         Blink             |       |       |       |       |     3 ||     3
    Use: Scroll            |       |     9 |     8 |    15 |     4 ||    36
         Potion            |       |     1 |       |     4 |     1 ||     6
   Stab: Distracted        |       |     1 |       |     2 |     2 ||     5
         Sleeping          |       |       |     3 |     8 |     1 ||    12
 Armour: Robe              |    17 |    94 |   163 |   214 |       ||   488
         Skin              |       |       |       |     3 |       ||     3
         Steam dragon scal |       |       |       |   257 |   165 ||   422
  Dodge: Dodged            |    13 |   109 |   179 |   399 |   109 ||   809
  Block: Other             |     6 |    19 |    43 |    91 |    22 ||   181
         Tower shield      |       |       |       |    33 |       ||    33

Table legend: (Time is in decaauts)
 A = Elapsed time spent in this place.
 B = Non-inter-level travel time spent in this place.
 C = Inter-level travel time spent in this place.
 D = Time resting spent in this place.
 E = Time spent auto-exploring this place.
 F = Levels seen in this place.
 G = Mean time per level.
                   A        B        C        D        E       F      G
               +--------+--------+--------+--------+--------+-----+--------+
         Total |  27540 |  25696 |   1844 |   8688 |   8983 |  18 | 1530.0 |
       Dungeon |  15328 |  14150 |   1178 |   4281 |   5758 |   9 | 1703.1 |
        Temple |     95 |     95 |      0 |      0 |      0 |   1 |   95.0 |
          Lair |   9178 |   8513 |    665 |   3358 |   2325 |   5 | 1835.6 |
  Orcish Mines |      4 |      4 |      0 |      0 |      0 |   1 |    4.0 |
         Sewer |   1469 |   1469 |      0 |    408 |    721 |   1 | 1469.0 |
      Gauntlet |   1463 |   1463 |      0 |    641 |    178 |   1 | 1463.0 |
               +--------+--------+--------+--------+--------+-----+--------+

Top non-repeatable levels by time:
     D:8: 3619 daAuts
  Lair:3: 2940 daAuts
  Lair:4: 2164 daAuts
  Lair:2: 2025 daAuts
     D:3: 1760 daAuts
     D:9: 1588 daAuts
     D:6: 1559 daAuts
     D:7: 1497 daAuts
   Sewer: 1469 daAuts
Gauntlet: 1463 daAuts
  Lair:1: 1388 daAuts
     D:4: 1366 daAuts
     D:1: 1341 daAuts
     D:5: 1331 daAuts
     D:2: 1263 daAuts
